 Dungeon Crawl Stone Soup version 0.30-b1-2-g02819fbbbe (webtiles) character file.

Game seed: 15586525406786035207

69 Metae the Shield-Bearer (level 4, 0/40 HPs)
             Began as a Minotaur Fighter on June 23, 2023.
             Succumbed to Robin's poison
             ... on level 2 of the Dungeon.
             The game lasted 00:02:54 (978 turns).

Metae the Shield-Bearer (Minotaur Fighter)           Turns: 978, Time: 00:02:54

Health: 0/40       AC: 10    Str: 23    XL:     4   Next: 2%
Magic:  3/3        EV:  8    Int:  5    God:
Gold:   41         SH:  4    Dex:  9    Spells: 3/3 levels left

rFire   . . .        a - +0 flail
rCold   . . .        c - +0 buckler
rNeg    . . .        j - +0 chain mail
rPois   .            (helmet restricted)
rElec   .            (no cloak)
rCorr   .            o - +0 pair of gloves
SInv    .            (no boots)
Will    .....        (no amulet) Stlth
                     (no ring)
HPRegen 0.26/turn    (no ring)
MPRegen 0.08/turn

%: no passive effects
@: lethally poisoned (0 -> -1)
A: horns 2, retaliatory headbutt
a: no special abilities


You were on level 2 of the Dungeon.
You visited 1 branch of the dungeon, and saw 2 of its levels.

You collected 41 gold pieces.

Inventory:

Hand Weapons
 a - a +0 flail (weapon)
Missiles
 f - 14 stones (quivered)
 n - 6 boomerangs
Armour
 c - a +0 buckler (worn)
 j - a +0 chain mail (worn)
 o - a +0 pair of gloves (worn)
Scrolls
 b - 2 scrolls of identify {unknown}
 e - a scroll of vulnerability {unknown}
 h - a scroll of blinking {unknown}
 k - a scroll of summoning {unknown}
 l - a scroll of immolation {unknown}
 p - a scroll of amnesia {unknown}
Potions
 d - a potion of might
 g - a potion of magic {unknown}
 i - a potion of ambrosia {unknown}
 m - a potion of curing {unknown}


   Skills:
 + Level 4.1 Fighting
 + Level 3.1 Maces & Flails
 + Level 4.1 Armour
 + Level 1.5 Dodging
 + Level 4.2 Shields


You had 3 spell levels left.
You didn't know any spells.
Your spell library was empty.

Dungeon Overview and Level Annotations

Branches:
Dungeon (2/15)

Altars:


Innate Abilities, Weirdness & Mutations

You have a pair of horns on your head.
You reflexively headbutt those who attack you in melee.


Message History

You kill the goblin!
The ball python barely misses you. You furiously retaliate!
You headbutt the ball python.
You kill the ball python!
The hobgoblin no longer looks unusually strong.
Robin roars a battlecry!
The hobgoblin goes into a battle-frenzy!
Things that are here:
a +0 dagger; a +0 short sword; a goblin corpse You hit Robin.
Your headbutt misses Robin.
Robin is moderately wounded.
Robin hits you with a +1 dagger of venom.
You are poisoned.
You hit Robin.
Robin is moderately wounded.
You feel very sick.
The hobgoblin no longer looks unusually strong.
Robin roars a battlecry!
The hobgoblin goes into a battle-frenzy!
Robin hits you but does no damage.
You sock Robin!
Robin is severely wounded.
You feel sick. Robin hits you but does no damage.
You hit Robin but do no damage. You headbutt Robin.
Robin is almost dead.
You feel sick. You block Robin's attack.
You barely miss Robin.
Robin is almost dead.
You feel sick. Robin hits you but does no damage.
You hit Robin but do no damage. You headbutt Robin.
You kill Robin!
You feel sick. The hobgoblin hits you.
* * * LOW HITPOINT WARNING * * *
You have reached level 4!
You feel stronger.
You closely miss the hobgoblin.
The hobgoblin is moderately wounded.
You feel sick. The hobgoblin hits you.
* * * LOW HITPOINT WARNING * * *
You die...

................#.......
............#.#.#.......
..............#.#.......
...........####.#.......
########.........)......
.##########.######...#####.
.......>.†.......+...+...'.
#######.###.######...#####.
######)gg)@..# #...# #.
........###### #...# #.
#######)# #...# #. #g###
##### #. #g.g## ## ###..#
##.# #).# .....


You could see 2 hobgoblins.

Vanquished Creatures
  Robin (D:2)
  An adder (D:2)
  A dart slug (D:2)
  12 goblins
  5 hobgoblins
  2 quokkas (D:1)
  11 ball pythons
  3 bats
  A frilled lizard (D:2)
  4 kobolds
  2 rats (D:1)
43 creatures vanquished.

Notes
Turn   | Place    | Note
-------+----------+-------------------------------------------
     0 | D:1      | Metae the Minotaur Fighter began the quest for the Orb.
     0 | D:1      | Reached XP level 1. HP: 19/19 MP: 0/0
   191 | D:1      | Reached XP level 2. HP: 27/27 MP: 1/1
   421 | D:1      | Found a faded altar of an unknown god.
   768 | D:2      | Reached skill level 1 in Dodging
   768 | D:2      | Reached XP level 3. HP: 30/33 MP: 2/2
   941 | D:2      | Noticed Robin
   976 | D:2      | Killed Robin
   977 | D:2      | Reached XP level 4. HP: 7/40 MP: 3/3
   977 | D:2      | HP: 1/40 [hobgoblin[Robin] (5)]
   978 | D:2      | Succumbed to Robin's poison

Illustrated notes

Levels and vault maps discovered:
D:1:      dpeg_arrival_line_fractal, layout_loops_ring,
          dilly_ecumenical_altar_fadedgnrine
D:2:      layout_basic, uniq_robin

Skill      XL: |  1  2  3 |
---------------+----------+-----
Fighting       | 4 |  4.1
Dodging        | 1 |  1.5
Shields        | 4 |  4.2
Armour         | 4 |  4.1
Maces & Flails | 3 |  3.1

Action                     |  1- 3 |  4- 6 || total
---------------------------+-------+-------++-------
  Melee: Flail             |    95 |     1 ||    96
         Headbutt          |    17 |       ||    17
 Armour: Scale mail        |    13 |       ||    13
         Chain mail        |    69 |       ||    69
  Dodge: Dodged            |    51 |       ||    51
  Block: Buckler           |    30 |       ||    30
